Map: 锈化山巅-天梯版

Players

llllllllllll (Coffee) - Winner!

  • Race: Terran Terran
  • League: Master

cyan

  • Race: Protoss Protoss
  • League: Grandmaster

Event: DreamHack SC2 Masters 2021 Winter

VOD

Have the link to the VOD?

Description

Time

  • Played on: Oct. 10, 2021, 7:53 a.m.
  • Length: 8:20

All games in this series

Show
View Real Time Build Order
Export as new Build Order

llllllllllll Terran - Winner!

Build Orders:  

Get SALT Encoding   

  12  0:00  SCV  
  13  0:12  SCV  
  14  0:17  Supply Depot  
  14  0:24  SCV  
  14  0:27  Refinery  
  15  0:38  SCV  
  16  0:43  Barracks  
  16  0:51  SCV  
  16  0:56  Supply Depot  
  17  1:03  SCV  
  18  1:15  SCV  
  19  1:30  Factory, Marine  
  19  1:31  Orbital Command  
  20  1:54  Barracks Reactor  
  20  1:57  SCV  
  21  2:07  Command Center  
  21  2:10  SCV  
  22  2:19  Supply Depot  
  22  2:22  SCV  
  23  2:34  Hellion x2, SCV  
  28  2:42  Barracks  
  28  2:47  Reaper  
  29  2:55  Hellion x2  
  29  2:56  SCV  
  34  3:06  Barracks  
  34  3:10  Refinery  
  34  3:13  SCV  
  35  3:21  Orbital Command  
  35  3:22  Factory Tech Lab  
  35  3:26  Marine x2  
  37  3:29  SCV  
  37  3:31  Barracks Tech Lab  
  38  3:44  Marine x2  
  38  3:55  Marine x2  
  38  3:56  SCV  
  38  3:59  Siege Tank  
  41  4:04  Marine x2  
  41  4:10  Orbital Command  
  41  4:11  SCV  
  41  4:13  Stimpack  
  41  4:15  Marine x2  
  42  4:22  Marine x2  
  44  4:26  SCV  
  44  4:30  Supply Depot  
  44  4:31  Siege Tank  
  48  4:36  Bunker  
  48  4:40  SCV x2  
  48  4:42  Barracks Tech Lab  
  48  4:43  Marine  
  48  4:44  Marine x2  
  53  4:53  SCV x2  
  53  4:57  Supply Depot  
  55  5:00  Combat Shield  
  55  5:01  Marine x3  
  58  5:09  Starport  
  58  5:12  Factory Reactor  
  59  5:14  SCV x2  
  59  5:20  Supply Depot  
  59  5:22  Marine x4  
  59  5:26  SCV x2  
  61  5:42  Marine x4  
  63  5:43  SCV x2  
  63  5:47  Refinery  
  64  5:57  Medivac x2  
  64  5:59  Siege Tank  
  64  6:02  SCV  
  72  6:05  SCV  
  73  6:12  Supply Depot  
  73  6:16  Marine x4  
  73  6:18  SCV  
  78  6:28  Supply Depot  
  78  6:34  SCV  
  78  6:35  SCV  
  78  6:38  Marauder x2  
  83  6:43  Marine x2  
  82  6:48  Siege Tank  
  84  6:59  Marauder x2  
  84  7:01  Marine x2  
  84  7:09  Medivac x2  
  84  7:10  SCV x2  
  90  7:20  Siege Tank  
  93  7:25  Marauder  
  93  7:26  Supply Depot  
  90  7:34  Marine x2  
  89  7:39  Marauder  
  89  7:44  SCV, Medivac x2  
  91  7:46  SCV  
  91  7:47  Marauder  
  91  7:49  Refinery  
  98  7:56  SCV  
Show
View Real Time Build Order
Export as new Build Order

cyan Protoss 

Build Orders: 1 Gate Expand, Blink Stalkers 

Get SALT Encoding   

  12  0:00  Probe  
  13  0:12  Probe  
  14  0:17  Pylon  
  14  0:24  Probe (Chrono Boost)  
  15  0:36  Probe (Chrono Boost)  
  15  0:37  Gateway  
  16  0:44  Probe (Chrono Boost)  
  16  0:49  Assimilator  
  17  0:51  Probe  
  18  1:03  Probe  
  19  1:15  Probe  
  20  1:24  Cybernetics Core  
  20  1:32  Nexus  
  20  1:36  Probe  
  21  1:42  Pylon  
  21  1:48  Probe  
  21  1:51  Assimilator  
  22  1:58  Adept (Chrono Boost)  
  22  2:00  Probe  
  25  2:04  Warp Gate (Chrono Boost)  
  25  2:12  Probe  
  26  2:19  Adept (Chrono Boost)  
  28  2:24  Probe  
  28  2:29  Twilight Council  
  29  2:37  Probe  
  30  2:45  Probe  
  30  2:49  Probe  
  32  2:51  Robotics Facility  
  32  2:57  Probe  
  33  3:01  Adept, Probe  
  36  3:09  Probe  
  36  3:11  Gateway  
  37  3:13  Probe  
  38  3:21  Probe  
  38  3:22  Gateway  
  38  3:23  Blink (Chrono Boost)  
  38  3:25  Probe  
  40  3:34  Pylon  
  40  3:36  Probe  
  40  3:38  Observer  
  40  3:39  Probe  
  43  3:44  Pylon  
  43  3:48  Probe  
  42  3:51  Stalker  
  36  3:58  Probe  
  33  4:12  Probe x2  
  33  4:14  Observer  
  36  4:22  Stalker x2  
  42  4:24  Probe (Chrono Boost)  
  42  4:27  Stalker, Probe (Chrono Boost)  
  44  4:37  Observer, Probe (Chrono Boost)  
  47  4:40  Probe (Chrono Boost)  
  47  4:42  Probe (Chrono Boost)  
  48  4:48  Probe  
  48  4:52  Probe  
  50  5:00  Nexus  
  50  5:01  Probe (Chrono Boost)  
  50  5:04  Probe (Chrono Boost)  
  52  5:11  Robotics Bay  
  52  5:16  Probe (Chrono Boost)  
  52  5:18  Assimilator, Probe (Chrono Boost)  
  52  5:20  Assimilator  
  52  5:21  Observer  
  54  5:22  Probe (Chrono Boost)  
  54  5:25  Probe (Chrono Boost)  
  56  5:30  Probe  
  57  5:38  Probe  
  60  5:45  Probe  
  59  5:50  Probe  
  59  5:53  Stalker  
  59  5:55  Pylon  
  62  5:57  Pylon  
  62  6:02  Probe, Pylon  
  62  6:03  Stalker  
  61  6:08  Colossus (Chrono Boost)  
  61  6:12  Shield Battery  
  61  6:15  Shield Battery  
  61  6:18  Stalker x2  
  67  6:20  Probe x2  
  67  6:25  Probe  
  72  6:30  Gateway  
  72  6:32  Gateway, Probe  
  73  6:35  Probe  
  74  6:43  Stalker  
  74  6:49  Stalker  
  74  6:50  Colossus (Chrono Boost)  
  74  6:51  Stalker  
  78  7:04  Shield Battery  
  78  7:07  Stalker  
  78  7:11  Shield Battery  
  78  7:12  Shield Battery  
  78  7:14  Pylon  
  78  7:15  Stalker x2  
  70  7:32  Stalker  
  62  7:43  Stalker x2  
  66  7:49  Stalker x2  
  76  8:02  Pylon  
  76  8:03  Pylon  

Tags
 
Add a new tag
Caveats
  • Supply blocks, unpowered buildings, or Contaminate may cause inaccurate times.
  • Supply counts are checked every 10 seconds.